 Dungeon Crawl Stone Soup version 0.26-a0-1033-gd598b01645 (webtiles) character file.

Game seed: 15451958433229395680

2650 Majang the Chiller (level 9, -2/49 HPs)
             Began as a Tengu Ice Elementalist on Dec 10, 2020.
             Was a Believer of Vehumet.
             Slain by a cyan ugly thing (17 damage)
             ... on level 7 of the Dungeon.
             The game lasted 00:53:38 (9912 turns).

Majang the Chiller (Tengu Ice Elementalist)         Turns: 9912, Time: 00:53:38

Health: -2/49      AC: 14    Str:  9    XL:     9   Next: 62%
Magic:  10/19      EV: 17    Int: 19    God:    Vehumet [**....]
Gold:   188        SH:  0    Dex: 14    Spells: 5/20 levels left

rFire    + . .     SeeInvis .   a - +4 quarterstaff (chaos)
rCold    . . .     Faith    .   (shield currently unavailable)
rNeg     . . .     Spirit   .   w - +2 robe {rF+}
rPois    .         Reflect  .   (helmet restricted)
rElec    .         Harm     .   E - +2 cloak
rCorr    .         Rampage  .   (no gloves)
Will     .....                  (boots unavailable)
Stlth    ++........             x - amulet of regeneration
HPRegen  0.56/turn              C - ring of wizardry
MPRegen  0.16/turn              (no ring)

@: icy armour, frozen ramparts, flying quickly and evasively, quick
A: beak, talons 3, able to fly
a: Stop Flying, Renounce Religion


You were on level 7 of the Dungeon.
You worshipped Vehumet.
Vehumet was pleased with you.
You visited 2 branches of the dungeon, and saw 8 of its levels.
You also visited: Ossuary.

You collected 356 gold pieces.
You spent 168 gold pieces at shops.

Inventory:

Hand Weapons
 a - a +4 quarterstaff of chaos (weapon)
 d - a +2 whip of electrocution
 y - a +0 morningstar
 A - the +0 short sword "Pienkoet" {vorpal, *Rage rPois Int+3}
   (You took it off a gnoll shaman on level 7 of the Dungeon)

   It inflicts extra damage upon your enemies.
   It affects your intelligence (+3).
   It protects you from poison.
   It may make you go berserk in combat.
Armour
 w - a +2 robe of fire resistance (worn)
 E - a +2 cloak (worn)
Magical Staves
 b - an uncursed staff of air
Jewellery
 x - an amulet of regeneration (around neck)
 C - a ring of wizardry (left hand)
Wands
 n - a wand of polymorph (13)
 r - a wand of disintegration (1)
Scrolls
 c - 2 scrolls of amnesia
 e - a scroll of fear
 g - a scroll of fog
 i - 4 scrolls of remove curse
 k - 4 scrolls of teleportation
 m - 4 scrolls of identify
 s - 2 scrolls of magic mapping
 D - a scroll of blinking
Potions
 f - a potion of haste {unknown}
 h - 10 potions of curing
 l - a potion of attraction {unknown}
 o - a potion of brilliance {unknown}
 p - a potion of berserk rage {unknown}
 q - 2 potions of lignification {unknown}
 t - a potion of ambrosia {unknown}
 u - a potion of cancellation {unknown}
 v - 3 potions of flight {unknown}
 B - a potion of heal wounds


   Skills:
 + Level 2.9 Fighting
 + Level 3.1 Staves
 + Level 4.0 Dodging
 - Level 2.0 Stealth
 + Level 6.2 Spellcasting
 + Level 6.4 Conjurations
 * Level 7.5 Ice Magic
 + Level 1.9 Air Magic
 + Level 2.9 Evocations


You had 5 spell levels left.
You knew the following spells:

 Your Spells              Type           Power        Failure   Level
a - Ozocubu's Armour      Ice            ####....     1%          3
d - Static Discharge      Conj/Air       ###.....     2%          3
f - Freeze                Ice            ####         1%          1
h - Hailstorm             Conj/Ice       ####....     2%          4
r - Frozen Ramparts       Ice            ####..       1%          3
z - Shock                 Conj/Air       ###.         1%          1

Your spell library contained the following spells:

 Spells                   Type           Power        Failure   Level
 Beastly Appendage        Tmut           #.....       4%          1
 Wereblood                Tmut           #.......     7%          2
 Ice Form                 Ice/Tmut       ###.....     9%          4
 Summon Ice Beast         Ice/Summ       ###.....     9%          4
 Spider Form              Tmut/Pois      #.........   13%         3
 Blade Hands              Tmut           #.........   73%         5


Dungeon Overview and Level Annotations

Branches:
Dungeon (7/15)             Temple (1/1) D:6         Ossuary (visited)

Altars:
Ashenzari
Cheibriados
Dithmenos
Elyvilon
Fedhas
Gozag
Hepliaklqana
Kikubaaqudgha
Makhleb
Nemelex Xobeh
Okawaru
Qazlal
Ru
Trog
Uskayaw
Vehumet
Wu Jian
Xom
Yredelemnul
Zin
The Shining One

Shops:
D:6 ?   D:7 !


Innate Abilities, Weirdness & Mutations

You have a beak for a mouth.
You have claws for feet.
You can fly continuously.


Message History

There is a fountain of clear blue water here.
You see here a war axe.
A cyan ugly thing comes into view.
The cyan ugly thing gurgles horribly!
Casting: Static Discharge (dangerous; 2% risk of failure)
Confirm with . or Enter, or press ? or * to list all spells.
A film of ice covers your body!
Casting: Ozocubu's Armour (safe; 1% risk of failure)
Confirm with . or Enter, or press ? or * to list all spells.
Casting: Frozen Ramparts (safe; 1% risk of failure)
Press: ? - help, Dir - look around The walls around you are covered in ice.
The wall freezes the cyan ugly thing.
The cyan ugly thing bites you! The cyan ugly thing shocks you!
Casting: Frozen Ramparts (safe; 1% risk of failure)
Confirm with . or Enter, or press ? or * to list all spells.
The air crackles with electrical energy.
The wall freezes the cyan ugly thing.
The cyan ugly thing bites you! The cyan ugly thing shocks you!
You die...

#..# ##........#..## ...#
##.## #.....^.).#..#
....###..###............#
..u...#..##.............#
.......#.##.............# #
.......#..#............## #
.........#.#.....>......# ##
.........#.#............# #.
.........#u@............###.
...........#........#...##..
.......(..#####.........###.
..........# ###.......###.
.....[....# ###......#..
..........# ####.........
..........# ###..........##
.........## #...........##
........## ##...........#


You could see a cyan ugly thing.

Vanquished Creatures
  Pikel (D:5)
  Duvessa (D:5)
  An orc warrior (D:7)
  A phantom (D:5)
  2 centaurs
  3 ogres
  4 lemures
  5 bullfrogs
  Dowan (D:5)
  A scorpion (D:7)
  2 howler monkeys
  An orc priest (D:6)
  4 hounds
  Crazy Yiuf (D:5)
  A bullfrog skeleton (D:7)
  A centaur skeleton (D:5)
  An iron imp (D:5)
  A gnoll shaman (D:7)
  4 orc wizards
  3 worker ants
  7 big kobold zombies (Ossuary)
  A hound zombie (D:6)
  A hound skeleton (D:6)
  A mummy (Ossuary)
  Robin (D:2)
  3 gnolls (D:7)
  10 adders
  A shadow imp (D:5)
  A white imp (D:4)
  2 ufetubi
  2 oozes (D:3)
  An adder zombie (D:6)
  3 worms
  3 dart slugs
  2 leopard geckos
  16 orcs
  3 spectral bats (Ossuary)
  5 giant cockroaches
  17 goblins
  9 hobgoblins
  13 jackals
  8 kobolds
  4 quokkas
  A ball python (D:1)
  10 bats
  A bat simulacrum (Ossuary)
  4 frilled lizards
  7 gnoll zombies
  2 goblin simulacra (Ossuary)
  3 goblin zombies (Ossuary)
  7 hobgoblin zombies (Ossuary)
  A kobold simulacrum (Ossuary)
  4 kobold zombies (Ossuary)
  4 orc zombies (Ossuary)
  A quokka zombie (D:7)
  4 rats
  6 rat simulacra (Ossuary)
  2 spectral goblins (Ossuary)
  A spectral kobold (Ossuary)
  5 spectral rats (Ossuary)
216 creatures vanquished.

Vanquished Creatures (collateral kills)
  A goblin zombie (D:7)
1 creature vanquished.

Vanquished Creatures (others)
  A centaur zombie (D:7)
1 creature vanquished.

Grand Total: 218 creatures vanquished

Notes
Turn   | Place    | Note
-------+----------+-------------------------------------------
     0 | D:1      | Majang the Tengu Ice Elementalist began the quest for the
                  | Orb.
     0 | D:1      | Reached XP level 1. HP: 10/10 MP: 4/4
   209 | D:1      | Reached XP level 2. HP: 9/15 MP: 3/6
   867 | D:1      | Reached skill level 4 in Ice Magic
  1166 | D:1      | Reached XP level 3. HP: 18/19 MP: 5/7
  1170 | D:1      | Learned a level 3 spell: Ozocubu's Armour
  1174 | D:1      | Learned a level 3 spell: Frozen Ramparts
  1274 | D:2      | Noticed Robin
  1897 | D:2      | Reached XP level 4. HP: 24/24 MP: 5/9
  1945 | D:2      | Killed Robin
  2750 | D:2      | Found a faded altar of an unknown god.
  2901 | D:2      | Found a basalt altar of Yredelemnul.
  3206 | D:3      | Gained mutation: You can fly continuously. [Tengu growth]
  3206 | D:3      | Reached XP level 5. HP: 28/28 MP: 7/11
  4029 | D:4      | Reached skill level 5 in Ice Magic
  4168 | D:4      | Found an ornate altar of the Wu Jian Council.
  4181 | D:5      | Entered Level 5 of the Dungeon
  4181 | D:5      | Noticed Pikel
  4181 | D:5      | Noticed a lemure
  4181 | D:5      | Noticed a lemure
  4181 | D:5      | Noticed a lemure
  4181 | D:5      | Noticed a lemure
  4189 | D:4      | Killed a lemure
  4416 | D:4      | Learned a level 4 spell: Hailstorm
  4866 | D:4      | Reached XP level 6. HP: 32/32 MP: 9/13
  5069 | D:4      | Reached skill level 1 in Conjurations
  5550 | D:5      | Noticed a phantom
  5579 | D:5      | Killed a phantom
  5659 | D:5      | Noticed Duvessa
  5659 | D:5      | Noticed Dowan
  5667 | D:5      | Killed Duvessa
  5668 | D:5      | Reached XP level 7. HP: 24/36 MP: 5/15
  5671 | D:5      | Killed Dowan
  5958 | D:5      | Reached skill level 5 in Spellcasting
  5958 | D:5      | Reached skill level 6 in Ice Magic
  6020 | D:5      | Found a snail-covered altar of Cheibriados.
  6451 | D:5      | Reached skill level 5 in Conjurations
  6451 | D:5      | Reached XP level 8. HP: 41/41 MP: 13/17
  6461 | D:5      | Killed Pikel
  6462 | D:5      | Reached skill level 1 in Fighting
  6462 | D:5      | Reached skill level 1 in Staves
  6462 | D:5      | Reached skill level 1 in Evocations
  6527 | D:5      | Found a runed translucent door.
  6528 | D:5      | Noticed Crazy Yiuf
  6538 | D:5      | Killed Crazy Yiuf
  6977 | D:6      | Found Doukhloem's Magic Scroll Shop.
  7071 | D:6      | Found a staircase to the Ecumenical Temple.
  7080 | Temple   | Entered the Ecumenical Temple
  7114 | Temple   | Became a worshipper of Vehumet
  7248 | D:6      | Reached skill level 7 in Ice Magic
  7248 | D:6      | Reached XP level 9. HP: 30/48 MP: 12/18
  7375 | D:6      | Bought a scroll of enchant weapon for 90 gold pieces
  8227 | D:7      | Found Muluw's Distillery.
  8236 | D:7      | Bought a potion of degeneration for 13 gold pieces
  8236 | D:7      | Bought a potion of heal wounds for 65 gold pieces
  8256 | D:7      | Found a sand-covered staircase.
  8268 | Ossuary  | Entered an ossuary
  8319 | Ossuary  | Reached * piety under Vehumet
  8319 | Ossuary  | Offered knowledge of Shock by Vehumet.
  8322 | Ossuary  | Learned a level 1 spell: Shock
  8956 | Ossuary  | Reached ** piety under Vehumet
  8956 | Ossuary  | Offered knowledge of Searing Ray by Vehumet.
  9141 | D:7      | Reached skill level 1 in Air Magic
  9218 | D:7      | Identified the cursed +0 short sword "Pienkoet" {vorpal,
                  | *Rage rPois Int+3}
  9330 | D:7      | Found a white marble altar of Elyvilon.
  9657 | D:7      | Offered knowledge of Static Discharge by Vehumet.
  9662 | D:7      | Learned a level 3 spell: Static Discharge
  9898 | D:7      | Noticed a cyan ugly thing
  9912 | D:7      | Slain by a cyan ugly thing

Illustrated notes

Levels and vault maps discovered:
D:1:      dpeg_arrival_rooms_b, layout_basic, minmay_indecisive_spiral
D:2:      layout_basic, lemuel_zombie_altar_yredelemnul,
          chequers_ecumenical_altar_twisty, nrook_campfire, dk_vineyard_3,
          uniq_robin
D:3:      layout_basic
D:4:      layout_layer_cave, old_standard_altar, kennysheep_cluttered_room,
          minmay_misc_feat_secret_circle
D:5:      layout_loops_cross, slow_altar_2, uniq_pikel, uniq_crazy_yiuf_cottage,
          uniq_duvessa
D:6:      layout_gridville, minmay_temple_entry_glass, serial_shops,
          nicolae_shop_stone, hangedman_decor_points
D:7:      layout_cave_pods, elyvilon_altar_5, enter_ossuary_4, serial_shops,
          shop_statue
Temple:   minmay_temple_bridge_d

Skill      XL: |  1  2  3  4  5  6  7  8  9 |
---------------+----------------------------+-----
Ice Magic      | 4 5 6 7 |  7.5
Spellcasting   | 3 4 5 6 |  6.2
Conjurations   | 3 5 6 |  6.4
Fighting       | 2 |  2.9
Staves         | 2 3 |  3.1
Evocations     | 2 |  2.9
Dodging        | 3 4 |  4.0
Air Magic      | 1 |  1.9
Stealth        | |  2.0

Action                   |  1- 3 |  4- 6 |  7- 9 || total
-------------------------+-------+-------+-------++-------
Melee: Whip              |     7 |       |     1 ||     8
       Kick              |     5 |    20 |    39 ||    64
       Peck              |     2 |    10 |    14 ||    26
       Mace              |     4 |    55 |    20 ||    79
       Morningstar       |       |       |    18 ||    18
       Quarterstaff      |       |       |   125 ||   125
 Cast: Freeze            |    40 |    22 |       ||    62
       Frozen Ramparts   |     3 |    34 |    34 ||    71
       Ozocubu's Armour  |       |     9 |    36 ||    45
       Shock             |       |       |    41 ||    41
       Static Discharge  |       |       |     3 ||     3
       Hailstorm         |       |       |     1 ||     1
 Abil: Fly               |       |       |     1 ||     1
Evoke: Wand              |       |     5 |     2 ||     7
  Use: Scroll            |       |    10 |     9 ||    19
       Potion            |       |     1 |       ||     1
 Stab: Sleeping          |     3 |     6 |     1 ||    10
       Distracted        |       |       |     1 ||     1
Armor: Robe              |     9 |    21 |    41 ||    71
Dodge: Dodged            |    27 |    49 |   135 ||   211

Table legend: (Time is in decaauts)
 A = Elapsed time spent in this place.
 B = Non-inter-level travel time spent in this place.
 C = Inter-level travel time spent in this place.
 D = Time resting spent in this place.
 E = Time spent auto-exploring this place.
 F = Levels seen in this place.
 G = Mean time per level.
                   A        B        C        D        E       F      G
               +--------+--------+--------+--------+--------+-----+--------+
         Total |   9766 |   9500 |    266 |   3474 |   2966 |   9 | 1085.1 |
       Dungeon |   8761 |   8495 |    266 |   3129 |   2916 |   7 | 1251.6 |
        Temple |    193 |    193 |      0 |     54 |      0 |   1 |  193.0 |
       Ossuary |    812 |    812 |      0 |    291 |     50 |   1 |  812.0 |
               +--------+--------+--------+--------+--------+-----+--------+

Top non-repeatable levels by time:
     D:2: 1576 daAuts
     D:5: 1547 daAuts
     D:1: 1380 daAuts
     D:4: 1216 daAuts
     D:3: 1211 daAuts
     D:6: 961 daAuts
     D:7: 868 daAuts
 Ossuary: 812 daAuts
  Temple: 193 daAuts
